 Dungeon Crawl Stone Soup version 0.28.0-1-gb440e238dd (webtiles) character file.

Game seed: 12713418413832515932

4802 PoweredByGinger the Blocker (level 10, -2/80 HPs)
             Began as a Minotaur Fighter on Feb 19, 2022.
             Was a Priest of Okawaru.
             Succumbed to a kobold brigand's curare-tipped dart
             ... on level 8 of the Dungeon.
             The game lasted 00:13:33 (10603 turns).

PoweredByGinger the Blocker (Minotaur Fighter)     Turns: 10603, Time: 00:13:33

Health: -2/80      AC:  1    Str: 22 (25) XL:     10   Next: 24%
Magic:  12/12      EV:  9    Int:  3 (5)  God:    Okawaru [***...]
Gold:   435        SH:  6    Dex:  9 (10) Spells: 9/9 levels left

rFire   . . .      SeeInvis .   a - +0 war axe
rCold   . . .      Faith    .   c - +0 buckler
rNeg    . . .      Spirit   .   b - +0 scale mail
rPois   .          Reflect  .   (helmet restricted)
rElec   .          Harm     .   r - +0 cloak
rCorr   .          Rampage  .   (no gloves)
Will    .....                   s - +0 pair of boots
Stlth   ..........              (no amulet)
HPRegen 0.23/turn               x - +4 ring of protection
MPRegen 0.13/turn               (no ring)

@: lethally poisoned (-2 -> -26), corroded, slowed, very slow
A: horns 2, retaliatory headbutt
a: Renounce Religion, Heroism


You were on level 8 of the Dungeon.
You worshipped Okawaru.
Okawaru was most pleased with you.
You visited 2 branches of the dungeon, and saw 9 of its levels.

You collected 435 gold pieces.

Inventory:

Hand Weapons
 a - a +0 war axe (weapon)
 y - a +2 vorpal flail
 A - a +0 whip of freezing
Missiles
 l - 64 arrows
 m - 67 bolts
 u - 2 atropa-tipped darts
 E - 11 poisoned darts (quivered)
Armour
 b - a +0 scale mail (worn)
 c - a +0 buckler (worn)
 r - a +0 cloak (worn)
 s - a +0 pair of boots (worn)
Jewellery
 t - a ring of magical power
 x - a +4 ring of protection (left hand)
 C - a ring of fire
Wands
 i - a wand of mindburst (11)
 n - a wand of iceblast (1)
 v - a wand of flame (24)
Scrolls
 f - 4 scrolls of noise {unknown}
 j - 3 scrolls of blinking
 o - 2 scrolls of silence
 q - 2 scrolls of fog
 w - 2 scrolls of fear
 D - a scroll of torment {unknown}
 G - 3 scrolls of identify
 H - a scroll of immolation {unknown}
Potions
 d - a potion of might
 e - a potion of cancellation
 g - 2 potions of lignification {unknown}
 h - a potion of attraction
 k - a potion of degeneration
 p - a potion of ambrosia {unknown}
 z - a potion of mutation {unknown}
 B - 2 potions of haste {unknown}
 F - a potion of flight {unknown}


   Skills:
 + Level 4.7 Fighting
 + Level 12.2 Axes
 - Level 3.6 Armour
 + Level 12.5 Shields
 - Level 4.0 Invocations


You had 9 spell levels left.
You didn't know any spells.
Your spell library contained the following spells:

 Spells                   Type           Power      Damage    Failure   Level
 Pain                     Necr           0%         1d4       88%         1
 Shock                    Conj/Air       0%         1d3       88%         1
 Sublimation of Blood     Necr           0%         N/A       95%         2
 Gell's Gravitas          Tloc           0%         N/A       99%         3
 Swiftness                Air            0%         N/A       99%         3
 Teleport Other           Tloc           0%         N/A       99%         3
 Airstrike                Air            0%         N/A       100%        4
 Petrify                  Tmut/Erth      0%         N/A       100%        4
 Agony                    Necr           0%         N/A       100%        5
 Excruciating Wounds      Necr           0%         N/A       100%        5
 Irradiate                Conj/Tmut      0%         3d13      100%        5
 Dispersal                Tloc           0%         N/A       100%        6


Dungeon Overview and Level Annotations

Branches:
Dungeon (8/15)             Temple (1/1) D:6
   Lair: D:8-11

Altars:
Ashenzari
Cheibriados
Dithmenos
Elyvilon
Fedhas
Gozag
Hepliaklqana
Kikubaaqudgha
Makhleb
Nemelex Xobeh
Okawaru
Qazlal
Ru
Sif Muna
Uskayaw
Vehumet
Xom
Yredelemnul
Zin
The Shining One

Shops:
D:4 (

Annotations:
D:4 1 runed translucent door, styxcanada's ghost, novice MiFi
D:7 exclusion: ice statue


Innate Abilities, Weirdness & Mutations

You have a pair of horns on your head.
You reflexively headbutt those who attack you in melee.


Message History

The kobold brigand hits you with a +0 dagger.
You hit the kobold brigand but do no damage.
You headbutt the kobold brigand, but do no damage.
The kobold brigand is lightly wounded.
You feel very sick.
The kobold brigand hits you with a +0 dagger.
Okay, then.
You feel very sick.
You feel very sick.
The kobold brigand throws a curare-tipped dart.
You block the curare-tipped dart.
The kobold brigand throws a curare-tipped dart.
The curare-tipped dart completely misses you.
You feel sick.
You feel sick.
You feel sick.
The kobold brigand throws a curare-tipped dart.
You block the curare-tipped dart.
The kobold brigand throws a curare-tipped dart.
The curare-tipped dart hits you.
You are more poisoned.
You have difficulty breathing.
* * * LOW HITPOINT WARNING * * *
You feel as though you will be slow longer.
As you read the scroll labelled WYCRUU TIMPO, it crumbles to dust.
You assume a fearsome visage.
The kobold brigand looks frightened! x2
It was a scroll of fear.
You feel sick.
Okay, then.
You feel sick.
You feel sick.
The kobold brigand throws a curare-tipped dart.
The curare-tipped dart hits you.
You are lethally poisoned!
You have difficulty breathing.
* * * LOW HITPOINT WARNING * * *
You feel as though you will be slow longer.
It was a potion of degeneration.
There was something very wrong with that liquid.
You feel weakened.
You feel dopey.
You feel clumsy.
You die...

#.# #.# #.# #.#######
#.# #.......# #.#
#######.# #.# #.# ##.#
#.# ...# #.# ####
############.#########
#K.K...@...#.........#
###
#K########.#########.#
..# #K# #.# #.# #.#
#K# #.# #.# #.#


#KK #.# #.# #.######.#KKK #.# #.# .........#KKKK #.# #.# #.######.#KK.K. #.# #.#
#.# #K.....###.## ######.# You could see 3 kobold brigands.

Vanquished Creatures
  Pikel (D:6)
  A kobold demonologist (D:8)
  A hornet (D:7)
  Prince Ribbit (D:7)
  Sigmund (D:6)
  2 steam dragons
  Edmund (D:6)
  3 sky beasts
  A hornet zombie (D:8)
  An orc warrior (D:7)
  2 ice beasts
  3 black bears
  A necrophage (D:8)
  3 ogres
  A centaur (D:5)
  2 lemures
  A phantom (D:4)
  2 kobold brigands
  A gnoll sergeant (D:7)
  7 scorpions
  A wyvern skeleton (D:6)
  2 centaur zombies
  A crimson imp (D:6)
  2 orc priests (D:3)
  A jelly (D:6)
  A centaur skeleton (D:7)
  3 gnoll shamans
  4 hounds
  3 iguanas
  5 orc wizards
  2 killer bee zombies
  A hound skeleton (D:5)
  9 adders
  16 gnolls
  3 river rats (D:6)
  A white imp (D:6)
  2 ufetubi
  A worm (D:6)
  3 dart slugs
  18 orcs
  5 ball pythons
  10 endoplasms
  3 giant cockroaches
  10 goblins
  10 hobgoblins
  5 jackals
  3 quokkas
  6 frilled lizards
  9 kobolds
  6 rats
182 creatures vanquished.

Vanquished Creatures (others)
  A plant (D:4)
1 creature vanquished.

Grand Total: 183 creatures vanquished

Notes
Turn   | Place    | Note
-------+----------+-------------------------------------------
     0 | D:1      | PoweredByGinger the Minotaur Fighter began the quest for
                  | the Orb.
     0 | D:1      | Reached XP level 1. HP: 19/19 MP: 0/0
   171 | D:1      | Reached XP level 2. HP: 26/26 MP: 1/1
   432 | D:1      | Found a faded altar of an unknown god.
   943 | D:2      | Reached XP level 3. HP: 30/31 MP: 2/2
  1641 | D:3      | Reached skill level 5 in Shields
  1641 | D:3      | Reached XP level 4. HP: 22/39 MP: 3/3
  1993 | D:3      | Reached XP level 5. HP: 40/45 MP: 4/4
  2088 | D:2      | Reached skill level 5 in Axes
  2257 | D:3      | Found a hide-covered altar of Uskayaw.
  2574 | D:4      | Found a hazy altar of Hepliaklqana.
  2618 | D:4      | Found Ytug's Weapon Shoppe.
  2770 | D:4      | Noticed a phantom
  2816 | D:4      | Killed a phantom
  2817 | D:4      | Reached XP level 6. HP: 17/51 MP: 5/5
  3398 | D:4      | Found a runed translucent door.
  3399 | D:4      | Noticed styxcanada's ghost (novice MiFi)
  3972 | D:5      | Entered Level 5 of the Dungeon
  4234 | D:5      | Found a shimmering blue altar of Sif Muna.
  4273 | D:5      | Reached XP level 7. HP: 48/57 MP: 6/6
  4847 | D:5      | Found a shadowy altar of Dithmenos.
  5184 | D:5      | Found an iron altar of Okawaru.
  5208 | D:5      | Became a worshipper of Warmaster Okawaru
  5323 | D:5      | Reached XP level 8. HP: 43/64 MP: 7/7
  5451 | D:5      | Found a glowing silver altar of Zin.
  6270 | D:6      | Noticed Sigmund
  6395 | D:6      | Reached * piety under Okawaru
  6399 | D:6      | Noticed Edmund
  6405 | D:6      | Killed Edmund
  6406 | D:6      | Reached skill level 10 in Shields
  6663 | D:6      | Reached skill level 10 in Axes
  6838 | D:6      | Noticed Pikel
  6849 | D:7      | Noticed an ice statue
  6949 | D:7      | Reached XP level 9. HP: 58/70 MP: 8/8
  7077 | D:7      | Paralysed by a hornet for 1 turns
  7282 | D:7      | Reached ** piety under Okawaru
  7333 | D:7      | Found a basalt altar of Yredelemnul.
  7333 | D:7      | Found a glowing golden altar of the Shining One.
  7372 | D:7      | Noticed an angel
  7775 | D:6      | Reached skill level 1 in Invocations
  7808 | D:6      | Killed Pikel
  8008 | D:6      | Found a staircase to the Ecumenical Temple.
  8019 | Temple   | Entered the Ecumenical Temple
  8316 | D:6      | Reached *** piety under Okawaru
  8575 | D:6      | Killed Sigmund
  9118 | D:7      | Found a blossoming altar of Fedhas.
  9132 | D:7      | Found a shimmering altar of Xom.
  9223 | D:7      | Noticed Prince Ribbit
  9249 | D:7      | Killed Prince Ribbit
  9250 | D:7      | Reached XP level 10. HP: 59/77 MP: 10/12
  9397 | D:7      | Noticed a profane servitor
  9776 | D:8      | Found a burning altar of Makhleb.
 10583 | D:8      | Noticed a rust devil
 10603 | D:8      | Succumbed to a kobold brigand's curare-tipped dart

Illustrated notes

Levels and vault maps discovered:
D:1:      dpeg_arrival_more_subterranean_lakeside_camping, layout_loops_ring,
          hellmonk_ecumenical_altar_dog_temple, supply_closet_lemuel,
          minmay_misc_feat_cross, chequers_serial_rivers_small_a
D:2:      layout_rooms, amcnicky_mini_corridor_feature
D:3:      layout_rooms, nicolae_overflow_crystal_walls
D:4:      layout_cave_pods, nicolae_hepliaklqana_hazy_memory,
          gammafunk_ghost_grave, serial_shops, nicolae_diamond_shop
D:5:      layout_rooms, nicolae_sif_muna_condensation, zin_statuary,
          old_standard_altar, nicolae_dithmenos_the_darkroom
D:6:      layout_loops_cross, minmay_temple_entry_mist, gup_sewer_entry_spiral,
          minmay_fire_ice_demons, uniq_sigmund, uniq_pikel, uniq_edmund
D:7:      lemuel_ice_statue, layout_basic, grunt_temple_overflow_holy_war,
          mainiacjoe_overflow_brackets, fedhas_altar_1,
          grunt_decor_mini_mirrors, uniq_prince_ribbit1
D:8:      layout_loops_ring, overflow_temple_1_default, special_room
          [special_room_kobold]
Temple:   grunt_temple_mini_profane

Skill      XL: |  1  2  3  4  5  6  7  8  9 10 |
---------------+-------------------------------+-----
Shields        | 4 5 6 7 8 10 12 | 12.5
Axes           | 3 4 5 6 8 10 11 12 | 12.2
Invocations    | 4 |  4.0
Fighting       | 4 |  4.7
Armour         | |  3.6

Action                   |  1- 3 |  4- 6 |  7- 9 | 10-12 || total
-------------------------+-------+-------+-------+-------++-------
Melee: War axe           |    84 |   141 |   314 |    59 ||   598
       Headbutt          |    10 |    19 |    51 |    12 ||    92
Throw: Dart              |       |       |     6 |       ||     6
  Use: Potion            |       |       |     2 |     1 ||     3
       Scroll            |       |       |     7 |     2 ||     9
Armor: Scale mail        |    35 |    67 |   180 |    26 ||   308
Dodge: Dodged            |    29 |    58 |   146 |    19 ||   252
Block: Buckler           |    21 |    40 |   100 |    12 ||   173
